 Dungeon Crawl Stone Soup version 0.23.1 (webtiles) character file.

Game seed: 8884610173498142435

125 Borgoz the Skirmisher (level 5, 0/47 HPs)
             Began as a Hill Orc Abyssal Knight on Mar 2, 2019.
             Was a Follower of Lugonu.
             Slain by a gnoll
             ... wielding a +0 spear
              (8 damage)
             ... on level 3 of the Dungeon.
             The game lasted 00:04:52 (3470 turns).

Borgoz the Skirmisher (Hill Orc Abyssal Knight)     Turns: 3470, Time: 00:04:53

Health: 0/47       AC:  5    Str: 20    XL:     5   Next: 9%
Magic:  7/7        EV: 11    Int: 12    God:    Lugonu [*.....]
Gold:   214        SH:  0    Dex: 11    Spells: 4/4 levels left

rFire    . . .     SeeInvis .   a - +2 hand axe
rCold    . . .     Gourm    .   (no shield)
rNeg     . . .     Faith    .   o - +2 leather armour {rPois}
rPois    +         Spirit   .   (no helmet)
rElec    .         Reflect  .   (no cloak)
rCorr    +         Harm     .   (no gloves)
MR       .....                  (no boots)
Stlth    +.........             (no amulet)
HPRegen  0.15/turn              f - ring of resist corrosion
MPRegen  0.10/turn              (no ring)

@: mighty
A: no striking features
a: Depart the Abyss, Renounce Religion


You were on level 3 of the Dungeon.
You worshipped Lugonu.
Lugonu was aware of your devotion.
You were not hungry.

You visited 1 branch of the dungeon, and saw 3 of its levels.
You visited the Abyss 1 time.

You collected 214 gold pieces.

Inventory:

Hand Weapons
 a - a +2 hand axe (weapon)
Missiles
 e - 6 poisoned needles
 m - 2 curare-tipped needles
Armour
 o - a +2 leather armour of poison resistance (worn)
Jewellery
 f - a ring of resist corrosion (left hand)
Scrolls
 b - a scroll of enchant armour {unknown}
 g - 2 scrolls of teleportation
 h - a scroll of blinking {unknown}
 i - a scroll of fear {unknown}
 k - a scroll of remove curse
 q - a scroll of enchant weapon
Potions
 d - a potion of brilliance
Comestibles
 c - 8 rations


   Skills:
 + Level 4.8 Fighting
 + Level 4.1 Axes
 + Level 3.4 Armour
 + Level 1.3 Dodging
 + Level 2.9 Invocations


You had 4 spell levels left.
You didn't know any spells.
Your spell library was empty.

Dungeon Overview and Level Annotations

Branches:
Dungeon (3/15)

Altars:


Message History

All of the chunks of flesh in your inventory have rotted away.
You completely miss the gnoll.
The gnoll is heavily wounded.
You hit the gnoll.
You kill the gnoll!
Lugonu accepts your kill.
Your Axes skill increases to level 4!
You barely miss the gnoll. The gnoll barely misses you.
The gnoll hits you from afar with a +0 spear.
The gnoll closely misses you.
You barely miss the gnoll.
The gnoll is heavily wounded.
You hit the gnoll. The gnoll barely misses you.
The gnoll hits you with a +0 flail!
* * * LOW HITPOINT WARNING * * *
The gnoll hits you with a +0 spear.
* * * LOW HITPOINT WARNING * * *
You feel very mighty all of a sudden.
The gnoll hits you from afar with a +0 spear!
You die...

#...... ##.#.#. #########
#.#### ##...#...# #.....
####......... #####.
............ #. ####
#...g...... ###.
..##...##..gg...... .....
#.#.....##.@)...... ####.
#........##.......# ##.
#.............##.### ##..
#.......#..........# ###...
##.....##..........# #.....
#.......#..........###.....
#.......#.....>.........###
#.......#...........###.##.
###......#...........#
#....


You could see 3 gnolls.

Vanquished Creatures
  A gnoll (D:3)
  7 adders
  2 worms
  3 leopard geckos
  An orc (D:3)
  2 ball pythons
  A giant cockroach (D:3)
  6 goblins
  3 hobgoblins
  A quokka (D:2)
  3 bats
  4 frilled lizards (D:1)
  10 kobolds
  5 rats
49 creatures vanquished.

Notes
Turn   | Place    | Note
-------+----------+-------------------------------------------
     0 | Abyss:1  | Borgoz the Hill Orc Abyssal Knight began the quest for the
                  | Orb.
     0 | Abyss:1  | Reached XP level 1. HP: 19/19 MP: 2/2
   125 | Abyss:2  | Noticed a small abomination
   126 | D:1      | Escaped the Abyss
   715 | D:1      | Reached XP level 2. HP: 23/27 MP: 4/4
  1013 | D:1      | Reached * piety under Lugonu
  1620 | D:2      | You fall through a shaft!
  1762 | D:3      | Reached XP level 3. HP: 12/34 MP: 5/5
  1967 | D:3      | Reached skill level 1 in Dodging
  2006 | D:3      | Reached XP level 4. HP: 8/41 MP: 6/6
  3448 | D:3      | Reached XP level 5. HP: 47/47 MP: 7/7
  3470 | D:3      | Slain by a gnoll

Skill      XL: |  1  2  3  4  5 |
---------------+----------------+-----
Fighting       | 4 |  4.8
Axes           | 3 4 |  4.1
Dodging        | 1 |  1.3
Armour         | 3 |  3.4
Invocations    | |  2.9

Action                   |  1- 3 |  4- 6 || total
-------------------------+-------+-------++-------
Melee: Hand axe          |    98 |   104 ||   202
Invok: Depart the Abyss  |     1 |       ||     1
  Use: Potion            |     2 |     2 ||     4
       Scroll            |       |     8 ||     8
  Eat: Ration            |     1 |       ||     1
       Chunk             |       |     5 ||     5
Armor: Leather armour    |     7 |     8 ||    15
       Ring mail         |    21 |    27 ||    48
Dodge: Dodged            |    61 |    71 ||   132
